 Dungeon Crawl Stone Soup version 0.28-b1-70-g80dc712255 (webtiles) character file.

Game seed: 17551886201192412169

38 vvl the Skirmisher (level 3, -2/29 HPs)
             Began as a Human Cinder Acolyte on Feb 3, 2022.
             Was a High Priest of Ignis.
             Slain by Terence (6 damage)
             ... on level 2 of the Dungeon.
             The game lasted 00:04:49 (2153 turns).

vvl the Skirmisher (Human Cinder Acolyte)           Turns: 2153, Time: 00:04:49

Health: -2/29      AC:  3    Str: 14    XL:     3   Next: 65%
Magic:  5/5        EV: 11    Int: 16    God:    Ignis [*****.]
Gold:   88         SH:  0    Dex:  8    Spells: 5/5 levels left

rFire   + . .      SeeInvis .   a - -1 mace (flame)
rCold   . . .      Faith    .   (no shield)
rNeg    . . .      Spirit   .   b - +0 robe
rPois   .          Reflect  .   (no helmet)
rElec   .          Harm     .   (no cloak)
rCorr   .          Rampage  .   (no gloves)
Will    .....                   c - +0 pair of boots
Stlth   +.........              (no amulet)
HPRegen 0.09/turn               (no ring)
MPRegen 0.09/turn               (no ring)

@: no status effects
A: no striking features
a: Renounce Religion, Fiery Armour, Foxfire Swarm


You were on level 2 of the Dungeon.
You worshipped Ignis.
Ignis was extremely pleased with you.
You visited 1 branch of the dungeon, and saw 3 of its levels.

You collected 88 gold pieces.

Inventory:

Hand Weapons
 a - a -1 mace of flaming (weapon)
Armour
 b - a +0 robe (worn)
 c - a +0 pair of boots (worn)
Wands
 g - a wand of iceblast (8)
Scrolls
 e - a scroll of enchant armour {unknown}
 f - a scroll of fog {unknown}
Potions
 d - a potion of mutation {unknown}
 h - a potion of haste {unknown}


   Skills:
 + Level 3.3 Fighting
 + Level 3.2 Maces & Flails
 + Level 0.5 Armour
 + Level 0.5 Dodging
 + Level 1.6 Spellcasting
 + Level 3.2 Fire Magic


You had 5 spell levels left.
You didn't know any spells.
Your spell library contained the following spells:

 Spells                   Type           Power      Damage    Failure   Level
 Scorch                   Fire           22%        2d6       9%          2
 Frozen Ramparts          Ice            2%         1d2       54%         3
 Ice Form                 Ice/Tmut       1%         N/A       91%         4
 Summon Ice Beast         Ice/Summ       1%         N/A       91%         4
 Malign Gateway           Summ/Tloc      0%         N/A       100%        7
 Summon Horrible Things   Summ           0%         N/A       100%        8


Dungeon Overview and Level Annotations

Branches:
Dungeon (3/15)

Altars:
Makhleb

Annotations:
D:2 Terence


Message History

You see here a +0 club.
You see here a +0 club.
Found a stone staircase leading up.
There is an open door here.
A kobold comes into view. It is wielding a +0 whip.
The kobold shouts!
A kobold is nearby!
A kobold is nearby!
The kobold drinks a potion.
The kobold seems to grow stronger.
You hit the kobold. You burn the kobold.
You kill the kobold!
No target in view!
No target in view!
No target in view!
No target in view!
Things that are here:
a +0 whip; a kobold corpse
There is an open door here.
Terence the Incautious comes into view.
He is wielding a +0 short sword.
Terence shouts!
Terence is nearby!
Terence is nearby!
You see here 7 gold pieces.
Terence shouts, "Now you die!" Terence hits you with a +0 short sword!
You hit Terence. You burn Terence.
Terence is lightly wounded.
Terence hits you with a +0 short sword.
You closely miss Terence.
Terence is lightly wounded.
Terence hits you with a +0 short sword.
You are too injured to fight recklessly!
You are too injured to fight recklessly!
You are too injured to fight recklessly!
You hit Terence but do no damage.
Terence is lightly wounded.
Terence hits you with a +0 short sword!
* * * LOW HITPOINT WARNING * * *
Terence hits you with a +0 short sword.
You die...

##.......## ##.##
##.....## #...
##...## #### ##'## #
#.# # #.# # ##.## #
.###.#####...## #
......@@.$....######
#
####.#####.........#
# #...#####.#####
#.#.###........
#.......#.#####
###.#####.# #.. ..#
## ####


You could see Terence.

Vanquished Creatures
  2 dart slugs
  3 endoplasms
  3 goblins (D:1)
  3 hobgoblins
  3 jackals (D:3)
  5 kobolds
  A quokka (D:1)
  3 ball pythons (D:2)
  3 bats (D:1)
  3 frilled lizards
  3 rats
32 creatures vanquished.

Vanquished Creatures (others)
  3 foxfires (D:3)
3 creatures vanquished.

Grand Total: 35 creatures vanquished

Notes
Turn   | Place    | Note
-------+----------+-------------------------------------------
     0 | D:1      | vvl the Human Cinder Acolyte began the quest for the Orb.
     0 | D:1      | Reached XP level 1. HP: 18/18 MP: 2/2
   227 | D:1      | Reached XP level 2. HP: 13/24 MP: 3/3
   900 | D:1      | Reached XP level 3. HP: 23/29 MP: 5/5
  1309 | D:2      | Found a burning altar of Makhleb.
  2147 | D:2      | Noticed Terence
  2153 | D:2      | Slain by Terence

Illustrated notes

Levels and vault maps discovered:
D:1:      noname_arrival_rooms_in_the_neighbourhood, layout_loops_ring
D:2:      layout_loops_corners, basic_altar, minmay_misc_feat_rugged,
          patterned_corridor, uniq_terence
D:3:      layout_loops_ring, dreamdust_ecumenical_altar_grove

Action                   || total
-------------------------++-------
Melee: Mace              ||   104
       Punch             ||     1
Invok: Fiery Armour      ||     1
       Foxfire Swarm     ||     1
       Rising Flame      ||     1
 Stab: Sleeping          ||     1
Armor: Robe              ||    29
Dodge: Dodged            ||    77
